 Dungeon Crawl Stone Soup version 0.29.1-13-g9f3cf754e1 (webtiles) character file.

Game seed: 6030859156841734732

16 person50605 the Ruffian (level 2, -1/23 HPs)
             Began as a Draconian Transmuter on Jan 29, 2023.
             Slain by a goblin
             ... wielding a +0 club
              (2 damage)
             ... on level 1 of the Dungeon.
             The game lasted 00:11:02 (455 turns).

person50605 the Ruffian (Draconian Transmuter)       Turns: 455, Time: 00:11:03

Health: -1/23      AC:  6    Str: 12    XL:     2   Next: 41%
Magic:  5/5        EV: 12    Int: 13    God:
Gold:   35         SH:  0    Dex: 11    Spells: 4/5 levels left

rFire   . . .      SeeInvis .   c - +0 dagger
rCold   . . .      Faith    .   (no shield)
rNeg    . . .      Spirit   .   (body armour unavailable)
rPois   .          Reflect  .   (helmet restricted)
rElec   .          Harm     .   g - +1 cloak
rCorr   .          Rampage  .   (no gloves)
Will    .....                   (no boots)
Stlth   +.........              (no amulet)
HPRegen 0.07/turn               (no ring)
MPRegen 0.09/turn               (no ring)

@: no status effects
A: AC +4, unfitting armour, cold-blooded
a: no special abilities


You were on level 1 of the Dungeon.
You visited 1 branch of the dungeon, and saw 1 of its levels.

You collected 35 gold pieces.

Inventory:

Hand Weapons
 c - a +0 dagger (weapon)
 h - a +0 short sword
Armour
 g - a +1 cloak (worn)
Scrolls
 f - a scroll of fear {unknown}
 i - a scroll of immolation {unknown}
Potions
 a - a potion of lignification


   Skills:
 + Level 1.1 Fighting
 + Level 1.0 Short Blades
 + Level 2.0 Dodging
 + Level 0.2 Stealth
 + Level 3.3 Unarmed Combat
 + Level 2.0 Spellcasting
 + Level 2.1 Transmutations


You had 4 spell levels left.
You knew the following spells:

 Your Spells              Type           Power      Damage    Failure   Level
a - Beastly Appendage     Tmut           12%        N/A       11%         1

Your spell library contained the following spells:

 Spells                   Type           Power      Damage    Failure   Level
 Wereblood                Tmut           6%         N/A       16%         2
 Spider Form              Tmut/Pois      4%         N/A       45%         3
 Ice Form                 Ice/Tmut       4%         N/A       86%         4


Dungeon Overview and Level Annotations

Branches:
Dungeon (1/15)

Altars:


Innate Abilities, Weirdness & Mutations

Your plain brown scales are hard. (AC +4)
You cannot fit into any form of body armour.
You are cold-blooded and may be slowed by cold attacks.


Message History

The endoplasm hits you.
* * * LOW HITPOINT WARNING * * *
You hit the endoplasm.
You kill the endoplasm!
Your surroundings seem slightly different.
Your Short Blades skill increases to level 1!
A hobgoblin comes into view.
The hobgoblin shouts!
A giant cockroach comes into view.
You feel your willpower return. The hobgoblin attacks as you move away!
The hobgoblin misses you. The hobgoblin attacks as you move away!
The hobgoblin hits you but does no damage.
A goblin comes into view. It is wielding a +0 club.
You closely miss the hobgoblin. The hobgoblin hits you.
* * * LOW HITPOINT WARNING * * *
You closely miss the hobgoblin.
The hobgoblin hits you but does no damage.
The giant cockroach completely misses you.
You miss the goblin. The goblin completely misses you.
The hobgoblin hits you but does no damage.
The giant cockroach misses you.
You hit the hobgoblin but do no damage. You tail-slap the hobgoblin.
The hobgoblin is moderately wounded.
The hobgoblin closely misses you. The goblin closely misses you.
The giant cockroach barely misses you.
You barely miss the hobgoblin.
Your tail-slap misses the hobgoblin.
The hobgoblin is moderately wounded.
The giant cockroach barely misses you. The goblin closely misses you.
The hobgoblin barely misses you.
You barely miss the hobgoblin.
The hobgoblin is moderately wounded.
The giant cockroach bites you but does no damage.
The goblin hits you but does no damage.
The hobgoblin hits you but does no damage.
You hit the hobgoblin but do no damage.
The hobgoblin is moderately wounded.
The giant cockroach bites you but does no damage.
The goblin hits you with a +0 club.
You die...

#.#.# #.# #...##.# #.##
#...# #.# ##..##.# #.#
#...# #.#
#..g########.##
#.......B.....#
#...########..#
#..B....# ##..#
.......####.###...####.#
.### ######.
#....g@......# .... #.
#####Bg..##### #### #.
###..# #. ..# #. ..# ..
..# ... ...#


You could see a giant cockroach, a hobgoblin and a goblin.

Vanquished Creatures
  An endoplasm (D:1)
  4 jackals (D:1)
  A kobold (D:1)
  A quokka (D:1)
  5 ball pythons (D:1)
  A bat (D:1)
  A goblin (D:1)
  A rat (D:1)
15 creatures vanquished.

Notes
Turn   | Place    | Note
-------+----------+-------------------------------------------
     0 | D:1      | person50605 the Draconian Transmuter began the quest for
                  | the Orb.
     0 | D:1      | Reached XP level 1. HP: 16/16 MP: 3/3
   294 | D:1      | Reached XP level 2. HP: 18/23 MP: 5/5
   408 | D:1      | HP: 1/23 [endoplasm (1)]
   410 | D:1      | Reached skill level 1 in Short Blades
   449 | D:1      | HP: 1/23 [hobgoblin (3)]
   455 | D:1      | Slain by a goblin

Illustrated notes

Levels and vault maps discovered:
D:1:      amcnicky_arrival_blooded_trapdoor, layout_loops_ring

Skill      XL: |  1  2 |
---------------+-------+-----
Dodging        | 2 |  2.0
Short Blades   | 1 |  1.0
Fighting       | |  1.1
Stealth        | |  0.2
Unarmed Combat | |  3.3
Spellcasting   | |  2.0
Transmutations | |  2.1

Action                   || total
-------------------------++-------
Melee: Dagger            ||    80
       Tailslap          ||    11
       Unarmed           ||     2
  Use: Scroll            ||     3
Armor: Skin              ||    38
Dodge: Dodged            ||    65
